 Dungeon Crawl Stone Soup version 0.28-a0-479-g5baa6b73be (webtiles) character file.

Game seed: 822670303318995599

5189 mg7810 the Chopper (level 10, 0/74 HPs)
             Began as a Demonspawn Monk on Sept 18, 2021.
             Slain by a two-headed ogre (12 damage)
             ... on level 9 of the Dungeon.
             The game lasted 00:30:03 (10109 turns).

mg7810 the Chopper (Demonspawn Monk)               Turns: 10109, Time: 00:30:03

Health: 0/74       AC: 22    Str: 21    XL:     10   Next: 34%
Magic:  0/10       EV:  8    Int: 12    God:
Gold:   195        SH:  0    Dex: 17    Spells: 9/9 levels left

rFire   . . .      SeeInvis .   G - +0 executioner's axe (vorpal)
rCold   . . .      Faith    .   (shield currently unavailable)
rNeg    . . .      Spirit   +   s - +0 plate armour
rPois   .          Reflect  .   (helmet restricted)
rElec   .          Harm     .   z - +0 cloak
rCorr   .          Rampage  .   A - +2 pair of gloves {archery}
Will    .....                   B - +0 pair of boots
Stlth   ..........              (no amulet)
HPRegen 0.22/turn               i - +4 ring of protection
MPRegen 0.24/turn               m - +6 ring of strength

@: studying Evocations
A: horns 2, thin skeletal structure 1, spiny 1, magic shield, magic regeneration
a: no special abilities


You were on level 9 of the Dungeon.
You visited 2 branches of the dungeon, and saw 10 of its levels.
You also visited: Sewer.

You collected 462 gold pieces.
You spent 267 gold pieces at shops.

Inventory:

Hand Weapons
 G - a +0 vorpal executioner's axe (weapon)
Missiles
 r - a throwing net
 v - 18 poisoned darts (quivered)
 y - 5 boomerangs
Armour
 s - a +0 plate armour (worn)
 z - a +0 cloak (worn)
 A - a +2 pair of gloves of archery (worn)
 B - a +0 pair of boots (worn)
Jewellery
 i - a +4 ring of protection (left hand)
 j - a ring of willpower
 m - a +6 ring of strength (right hand)
Wands
 g - a wand of digging (7)
 l - a wand of flame (7)
 D - a wand of iceblast (26)
 F - a wand of polymorph (6)
Scrolls
 a - 2 scrolls of identify
 b - 4 scrolls of enchant armour
 d - 5 scrolls of teleportation
 e - a scroll of blinking
 o - a scroll of amnesia
 w - a scroll of fog
Potions
 c - a potion of lignification
 f - 2 potions of magic {unknown}
 h - a potion of cancellation {unknown}
 k - a potion of brilliance {unknown}
 n - 4 potions of might
 p - 4 potions of flight
 q - a potion of curing {unknown}
 C - 2 potions of attraction {unknown}


   Skills:
 + Level 5.4 Fighting
 + Level 7.6 Axes
 * Level 3.4 Throwing
 + Level 5.3 Armour
 + Level 3.6 Dodging
 + Level 2.1 Stealth
 - Level 4.5 Shields
 * Level 4.8 Unarmed Combat
 * Level 7.4 Evocations


You had 9 spell levels left.
You didn't know any spells.
Your spell library contained the following spells:

 Spells                   Type           Power      Damage    Failure   Level
 Animate Skeleton         Necr           0%         N/A       100%        1
 Apportation              Tloc           0%         N/A       100%        1
 Magic Dart               Conj           0%         1d3       100%        1
 Summon Small Mammal      Summ           0%         N/A       100%        1
 Searing Ray              Conj           0%         2d4       100%        2
 Inner Flame              Hex/Fire       0%         N/A       100%        3
 Cause Fear               Hex            0%         N/A       100%        4
 Fulminant Prism          Conj/Hex       0%         3d6       100%        4
 Dragon Form              Tmut           0%         N/A       100%        7
 Discord                  Hex            0%         N/A       100%        8
 Dragon's Call            Summ           0%         N/A       100%        9


Dungeon Overview and Level Annotations

Branches:
Dungeon (9/15)             Temple (1/1) D:6            Lair (0/6) D:8
  Sewer (visited)
    Orc: D:9-12

Altars:
Ashenzari
Cheibriados
Dithmenos
Elyvilon
Fedhas
Gozag
Hepliaklqana
Kikubaaqudgha
Nemelex Xobeh
Qazlal
Ru
Sif Muna
Trog
Uskayaw
Vehumet
Wu Jian
Xom
Yredelemnul
Zin
The Shining One

Shops:
D:5 [   D:6 [*

Annotations:
D:6 exclusion: oklob plant
D:7 1 runed translucent door, IdlyInterested's ghost, novice DsGl


Innate Abilities, Weirdness & Mutations

You have a pair of horns on your head.
You have a somewhat thin skeletal structure. (Dex +2, Stealth+)
You are partially covered in sharp spines.
When hurt, damage is shared between your health and your magic reserves.
You regenerate magic rapidly.


Message History

* * * LOW HITPOINT WARNING * * *
The eight-headed hydra bites you but does no damage. x2
Aiming: Polymorph
Press: ? - help, Shift-Dir - straight line, f/p - eight-headed hydra
Aim: an eight-headed hydra (will become an anaconda, an ice dragon, or a cyclops, chance to affect: 32%)
The eight-headed hydra easily resists.
The eight-headed hydra is struck by your spines.
The eight-headed hydra bites you.
* * * LOW HITPOINT WARNING * * *
The eight-headed hydra bites you but does no damage. x3
The eight-headed hydra bites you.
* * * LOW HITPOINT WARNING * * *
The eight-headed hydra closely misses you.
The eight-headed hydra bites you but does no damage.
The eight-headed hydra barely misses you.
Blink to where?
Press: ? - help, Dir - move target, p - eight-headed hydra An orc and a two-headed ogre come into view.
As you read the scroll of blinking, it crumbles to dust.
The orc shouts!
The two-headed ogre shouts in stereo!
You hear a shout! x2
Aiming: Charm
Press: ? - help, Shift-Dir - straight line, f - two-headed ogre
Aim: a two-headed ogre, wielding a +0 giant spiked club and a +0 giant club (chance to affect: 50%)
The two-headed ogre resists with some effort.
The two-headed ogre hits you but does no damage.
The two-headed ogre hits you with a +0 giant club.
* * * LOW HITPOINT WARNING * * *
Aiming: Charm
Press: ? - help, Shift-Dir - straight line, f/p - two-headed ogre
Aim: a two-headed ogre, wielding a +0 giant spiked club and a +0 giant club (chance to affect: 50%)
The two-headed ogre resists with some effort.
The orc hits you but does no damage.
Aiming: Charm
Press: ? - help, Shift-Dir - straight line, f/p - two-headed ogre
Aim: a two-headed ogre, wielding a +0 giant spiked club and a +0 giant club (chance to affect: 50%)
The two-headed ogre resists with some effort.
The now-empty wand crumbles to dust.
An orc wizard comes into view. It is wielding a +1 dagger of venom.
The two-headed ogre hits you with a +0 giant spiked club!
You die...

##..## ..# #..##
#####.#### ###'######
#........# #.........
#........# #.........
#........####.........
#........##.'.........
#........##.#.........
#...O@.D....#.........
#...o....####.........
###o###### ###+######
#. #


You could see an eight-headed hydra, a two-headed ogre, an orc wizard and an
orc.

Vanquished Creatures
  A two-headed ogre (D:8)
  2 steam dragons
  Prince Ribbit (D:6)
  A wyvern (D:8)
  Eustachio (D:6)
  A yak (D:8)
  3 water moccasins
  An ice beast (D:5)
  A sky beast (D:6)
  5 black bears
  3 necrophages
  A centaur (D:7)
  An ogre (D:4)
  2 phantoms
  7 bullfrogs
  2 scorpions
  A wyvern zombie (D:7)
  A wyvern skeleton (D:5)
  A water moccasin skeleton (D:6)
  6 killer bees (D:7)
  A howler monkey (D:7)
  A jelly (D:6)
  2 bullfrog zombies
  2 centaur zombies
  An orc priest (D:6)
  2 bullfrog skeletons (D:6)
  5 hounds
  Jessica (D:2)
  2 centaur skeletons
  3 iguanas
  Natasha (twice) (D:2)
  3 orc wizards
  A scorpion zombie (D:5)
  2 killer bee zombies
  9 adders
  4 shadow imps
  2 white imps
  An ufetubus (D:5)
  6 worms
  9 orcs
  12 endoplasms
  6 giant cockroaches
  7 goblins
  5 hobgoblins
  11 jackals
  3 kobolds
  3 quokkas
  11 ball pythons
  12 bats
  3 frilled lizards
  A goblin skeleton (D:7)
  A goblin zombie (D:7)
  2 hobgoblin zombies (D:7)
  A kobold zombie (D:7)
  2 orc skeletons (D:7)
  2 orc zombies (D:7)
  6 rats
189 creatures vanquished.

Vanquished Creatures (collateral kills)
  2 orc wizards (D:6)
2 creatures vanquished.

Vanquished Creatures (others)
  A black bear (D:8)
  Blork the orc (D:6)
  An orc wizard (D:6)
  14 fungi (D:8)
  36 plants
53 creatures vanquished.

Grand Total: 244 creatures vanquished

Notes
Turn   | Place    | Note
-------+----------+-------------------------------------------
     0 | D:1      | mg7810 the Demonspawn Monk began the quest for the Orb.
     0 | D:1      | Reached XP level 1. HP: 18/18 MP: 1/1
   433 | D:1      | Gained mutation: You regenerate magic rapidly. [demonic
                  | ancestry]
   433 | D:1      | Reached XP level 2. HP: 24/24 MP: 2/2
  1155 | D:2      | Gained mutation: You have a somewhat thin skeletal
                  | structure. (Dex +2, Stealth+) [demonic ancestry]
  1155 | D:2      | Reached XP level 3. HP: 20/29 MP: 3/3
  1277 | D:2      | Noticed Natasha
  1294 | D:2      | Killed Natasha
  1295 | D:2      | Reached skill level 1 in Armour
  1667 | D:2      | Reached skill level 1 in Unarmed Combat
  1667 | D:2      | Gained mutation: When hurt, damage is shared between your
                  | health and your magic reserves. [demonic ancestry]
  1667 | D:2      | Reached XP level 4. HP: 26/35 MP: 4/4
  1753 | D:2      | Noticed Jessica
  1777 | D:2      | Killed Jessica
  2323 | D:2      | Noticed Natasha
  2349 | D:2      | Killed Natasha
  2350 | D:2      | Reached XP level 5. HP: 41/41 MP: 5/5
  3529 | D:4      | Reached skill level 1 in Evocations
  3554 | D:4      | Found a hide-covered altar of Uskayaw.
  3927 | D:4      | Gained mutation: You are partially covered in sharp spines.
                  | [demonic ancestry]
  3927 | D:4      | Reached XP level 6. HP: 40/47 MP: 6/6
  4130 | D:4      | Reached skill level 1 in Throwing
  4130 | D:4      | Reached skill level 1 in Shields
  4239 | D:4      | Gained mutation: You have a pair of small horns on your
                  | head. [demonic ancestry]
  4239 | D:4      | Reached XP level 7. HP: 49/53 MP: 7/7
  4482 | D:4      | Found an ornate altar of the Wu Jian Council.
  4634 | D:5      | Entered Level 5 of the Dungeon
  4646 | D:5      | Found Onyalo's Armour Boutique.
  4775 | D:5      | Found a shadowy altar of Dithmenos.
  4911 | D:5      | Reached XP level 8. HP: 50/60 MP: 8/8
  5315 | D:5      | Reached skill level 5 in Axes
  5607 | D:5      | Bought a +0 cloak for 58 gold pieces
  5607 | D:5      | Bought a +0 pair of gloves of archery for 149 gold pieces
  5643 | D:6      | Found Tevoyn's Armour Shop.
  5651 | D:6      | Noticed Blork the orc
  5657 | D:6      | Your ally died
  5666 | D:6      | Noticed a steam dragon
  5672 | D:6      | HP: 3/60 [orc wizard/magic dart (5)]
  5707 | D:6      | Killed a steam dragon
  5928 | D:6      | Found a staircase to the Ecumenical Temple.
  5970 | D:6      | Identified a scroll of acquirement
  5970 | D:6      | Acquired a manual of Evocations
  5973 | D:6      | Found Gienaef's Lightly-Used Armoury.
  5997 | D:6      | Found a glowing drain.
  6010 | Sewer    | Entered a sewer
  6628 | D:6      | Noticed Eustachio
  6635 | D:6      | Identified the +2 robe "Seteiv" {rElec Regen+}
  6643 | D:6      | Killed Eustachio
  6644 | D:6      | Gained mutation: You have a pair of horns on your head.
                  | [demonic ancestry]
  6644 | D:6      | Reached XP level 9. HP: 66/66 MP: 9/9
  6880 | D:6      | Noticed Prince Ribbit
  6888 | D:6      | Killed Prince Ribbit
  7078 | D:6      | Found a blossoming altar of Fedhas.
  7180 | D:6      | Noticed an oklob plant
  7301 | D:6      | Bought a -1 executioner's axe for 60 gold pieces
  7330 | D:7      | Reached skill level 5 in Evocations
  7506 | D:7      | Identified the +1 leather armour of Ninuladd {rElec rC++
                  | Will-}
  7689 | D:7      | Found a runed translucent door.
  7695 | D:7      | Noticed IdlyInterested's ghost (novice DsGl)
  7871 | D:7      | Reached skill level 5 in Fighting
  8311 | Temple   | Entered the Ecumenical Temple
  8824 | D:8      | Reached skill level 5 in Armour
  8917 | D:8      | Reached XP level 10. HP: 51/74 MP: 7/10
  9044 | D:8      | Found a staircase to the Lair.
  9086 | D:8      | Noticed a two-headed ogre
  9101 | D:8      | Killed a two-headed ogre
 10099 | D:9      | Noticed an eight-headed hydra
 10106 | D:9      | Noticed a two-headed ogre
 10109 | D:9      | Slain by a two-headed ogre

Illustrated notes

Levels and vault maps discovered:
D:1:      amcnicky_arrival_choice, layout_basic
D:2:      layout_basic, uniq_jessica, uniq_natasha
D:3:      layout_loops_ring, serial_forest, infiniplex_forest_lined_4_way,
          infiniplex_forest_fountain, infiniplex_forest_zigzag_2,
          infiniplex_forest_diagonal, infiniplex_forest_clump_tiny,
          infiniplex_forest_clump_diagonal, infiniplex_forest_straight_4,
          infiniplex_forest_lined_ring
D:4:      layout_cave_pods, overflow_temple_1_default, general_overflow_altar
D:5:      layout_rooms, old_standard_altar, serial_shops, nicolae_shop_crystal,
          minmay_quadrilaterals
D:6:      layout_rooms, tgw_fedhas, temple_doors_e, portal_sewer_entry_f,
          serial_shops, shop, minmay_shop_damaged, uniq_prince_ribbit1,
          uniq_blork_the_orc, uniq_eustachio
D:7:      layout_rooms, nicolae_tso_besieged_by_evil,
          ebering_ghost_reflecting_pool, minmay_circle_x
D:8:      layout_loops_corners, due_lair_maze_entry_diamond
D:9:      layout_roguey, mainiacjoe_overflow_catwalk
Temple:   regret_index_temple_generic_petals

Skill      XL: |  1  2  3  4  5  6  7  8  9 10 |
---------------+-------------------------------+-----
Axes           | 3 4 5 7 |  7.6
Dodging        | 3 |  3.6
Armour         | 1 2 3 4 5 |  5.3
Stealth        | 2 |  2.1
Unarmed Combat | 1 2 3 4 |  4.8
Evocations     | 1 2 3 4 6 7 |  7.4
Throwing       | 1 3 |  3.4
Shields        | 1 2 4 |  4.5
Fighting       | 4 5 |  5.4

Action                   |  1- 3 |  4- 6 |  7- 9 | 10-12 || total
-------------------------+-------+-------+-------+-------++-------
Melee: Hand axe          |   135 |   206 |   221 |       ||   562
       Punch             |     1 |     1 |       |       ||     2
       Headbutt          |       |       |    66 |     6 ||    72
       Executioner's axe |       |       |    76 |    21 ||    97
Throw: Dart              |       |     2 |     7 |     1 ||    10
Evoke: Wand              |       |       |    11 |    18 ||    29
  Use: Potion            |       |     3 |     4 |       ||     7
       Scroll            |       |       |    18 |     2 ||    20
 Stab: Sleeping          |     3 |       |       |       ||     3
Armor: Robe              |     9 |       |       |       ||     9
       Chain mail        |    66 |    99 |       |       ||   165
       Skin              |       |    28 |    34 |       ||    62
       Plate armour      |       |    56 |   347 |    51 ||   454
Dodge: Dodged            |    42 |    58 |    66 |    18 ||   184
Block: Tower shield      |       |    61 |   220 |       ||   281

Table legend: (Time is in decaauts)
 A = Elapsed time spent in this place.
 B = Non-inter-level travel time spent in this place.
 C = Inter-level travel time spent in this place.
 D = Time resting spent in this place.
 E = Time spent auto-exploring this place.
 F = Levels seen in this place.
 G = Mean time per level.
                   A        B        C        D        E       F      G
               +--------+--------+--------+--------+--------+-----+--------+
         Total |  10476 |   9997 |    479 |     14 |   7877 |  11 |  952.4 |
       Dungeon |   9631 |   9189 |    442 |     14 |   7256 |   9 | 1070.1 |
        Temple |    272 |    236 |     36 |      0 |    216 |   1 |  272.0 |
         Sewer |    572 |    572 |      0 |      0 |    405 |   1 |  572.0 |
               +--------+--------+--------+--------+--------+-----+--------+

Top non-repeatable levels by time:
     D:8: 1456 daAuts
     D:2: 1448 daAuts
     D:6: 1324 daAuts
     D:4: 1158 daAuts
     D:1: 1136 daAuts
     D:5: 1049 daAuts
     D:7: 1028 daAuts
     D:3: 974 daAuts
   Sewer: 572 daAuts
  Temple: 272 daAuts
     D:9: 53 daAuts
